Map: Inside and Out

Players

Lugz

  • Race: Zerg Zerg
  • League: Diamond
  • Spawn Location: 7:00

IIIIIIIIIIII - Winner!

  • Race: Terran Terran
  • League: Diamond
  • Spawn Location: 1:00

VOD

Have the link to the VOD?

Description

Time

  • Played on: Aug. 11, 2022, 9:50 p.m.
  • Length: 13:44
Show
View Real Time Build Order
Export as new Build Order

Lugz Zerg 

Build Orders: Hatch First 

Get SALT Encoding   

  12  0:00  Drone  
  13  0:12  Overlord  
  13  0:17  Drone  
  14  0:31  Drone x2  
  16  0:51  Hatchery  
  16  0:52  Drone  
  16  0:57  Drone  
  17  1:07  Drone  
  18  1:12  Extractor  
  18  1:16  Spawning Pool  
  18  1:17  Drone  
  17  1:24  Drone  
  18  1:30  Drone  
  19  1:40  Overlord  
  19  1:49  Drone  
  20  2:02  Drone, Queen  
  20  2:03  Queen  
  20  2:04  Zergling x2  
  26  2:09  Spine Crawler  
  25  2:36  Drone x5  
  25  2:37  Drone  
  29  2:48  Drone x2  
  31  2:53  Metabolic Boost  
  31  2:58  Drone  
  32  2:59  Drone  
  33  3:09  Overlord  
  33  3:19  Hatchery  
  32  3:25  Drone  
  32  3:26  Drone x2  
  35  3:27  Overlord  
  35  3:29  Overlord  
  35  3:37  Drone x2  
  37  3:43  Overlord  
  37  3:45  Queen x2  
  41  3:49  Zergling x2  
  41  3:54  Drone  
  43  3:58  Drone  
  44  4:12  Drone x4  
  44  4:13  Evolution Chamber  
  44  4:15  Overlord  
  47  4:31  Queen  
  47  4:32  Queen x2  
  47  4:36  Drone x5  
  58  4:39  Overlord, Zerg Melee Weapons Level 1  
  58  4:46  Overlord  
  58  4:51  Roach Warren  
  57  4:58  Drone x4  
  57  4:59  Drone, Overlord  
  62  5:01  Drone x2  
  62  5:03  Overlord  
  64  5:13  Zergling x10  
  69  5:24  Zergling x6  
  71  5:45  Drone x9  
  80  5:52  Overlord  
  80  6:00  Overlord  
  80  6:01  Lair  
  80  6:05  Hatchery  
  77  6:16  Overlord  
  77  6:18  Overlord  
  77  6:20  Zergling x2  
  77  6:21  Zergling x20  
  77  6:24  Zergling x8  
  90  6:35  Hatchery  
  90  6:36  Zergling x6  
  90  6:38  Queen x2  
  96  6:40  Hatchery  
  96  6:42  Hatchery  
  96  6:43  Baneling Nest  
  90  6:54  Drone x7  
  90  6:56  Zerg Ground Armor Level 1  
  90  6:59  Extractor  
  90  7:00  Extractor  
  94  7:07  Drone x4  
  98  7:10  Extractor  
  98  7:14  Queen  
  98  7:15  Overlord  
  97  7:28  Zergling x2  
  97  7:29  Zergling x14  
  93  7:34  Centrifugal Hooks  
  93  7:37  Extractor  
  93  7:38  Extractor  
  91  7:50  Zergling x4  
  93  7:56  Overlord  
  93  7:57  Drone x2  
  93  7:58  Drone x2  
  97  7:59  Drone x2  
  99  8:06  Zergling x14  
  99  8:10  Zergling x16  
  99  8:11  Zergling x4  
  116  8:16  Infestation Pit  
  112  8:24  Zergling x6  
  112  8:25  Zergling x8  
  116  8:44  Drone  
  116  8:45  Drone x16  
  116  8:47  Baneling x10  
  133  8:55  Queen x2  
  134  8:58  Neural Parasite  
  136  9:11  Overlord x3  
  136  9:14  Overlord x4  
  136  9:28  Zergling x4  
  136  9:29  Zergling x48  
  154  9:40  Zergling x6  
  154  9:41  Zergling x6  
  150  9:51  Overlord  
  150  9:52  Hive  
  148  9:55  Hydralisk Den  
  135  10:06  Drone, Zergling x2  
  135  10:07  Drone x12  
  148  10:42  Overlord x3  
  148  10:46  Zerg Ground Armor Level 2  
  148  10:53  Evolution Chamber  
  148  10:54  Evolution Chamber  
  148  10:55  Overseer  
  146  10:58  Overlord x2  
  146  11:00  Zergling x46  
  146  11:01  Zergling x18  
  178  11:12  Baneling x22  
  178  11:13  Baneling x8  
  178  11:14  Zergling x24  
  190  11:20  Zergling x16  
  180  11:38  Zergling x2  
  180  11:39  Zergling x26  
  172  11:53  Zergling x2  
  172  11:54  Zergling x24  
  149  11:58  Adrenal Glands  
  138  12:01  Grooved Spines  
  138  12:02  Lurker Den  
  138  12:07  Baneling  
  138  12:08  Baneling x15  
  123  12:12  Zergling x20  
  127  12:25  Zergling x14  
  127  12:29  Baneling  
  134  12:30  Baneling x16  
  121  12:53  Zergling x12  
  121  12:54  Zergling x16  
  114  13:01  Zergling x14  
  116  13:06  Zergling x14  
  116  13:12  Hatchery  
  118  13:16  Zergling x2  
  103  13:20  Zergling x2  
  103  13:21  Zergling x6  
  103  13:25  Zergling x2  
Show
View Real Time Build Order
Export as new Build Order

IIIIIIIIIIII Terran - Winner!

Build Orders: Reaper Expand, Hellion Banshee 

Get SALT Encoding   

  12  0:00  SCV  
  13  0:12  SCV  
  14  0:18  Supply Depot  
  14  0:24  SCV  
  15  0:39  SCV  
  15  0:40  Barracks  
  16  0:45  Refinery  
  16  0:51  SCV  
  17  1:03  SCV  
  18  1:15  SCV  
  19  1:29  Reaper, Orbital Command  
  20  1:42  Command Center  
  20  1:56  SCV  
  20  1:57  Supply Depot  
  21  2:01  Bunker  
  21  2:05  Barracks Reactor  
  21  2:08  SCV  
  22  2:20  SCV  
  23  2:26  Factory  
  22  2:38  SCV  
  22  2:42  Marine x2  
  25  2:54  Command Center  
  25  2:55  Refinery, Orbital Command  
  25  2:59  SCV  
  26  3:12  Starport  
  26  3:13  SCV  
  26  3:14  Barracks Tech Lab  
  27  3:23  SCV  
  27  3:25  SCV  
  29  3:34  Marine  
  29  3:35  Hellion x2  
  29  3:38  SCV x2  
  36  3:50  SCV x2  
  38  3:58  Barracks  
  38  4:00  Hellion  
  38  4:01  Hellion  
  38  4:02  Banshee  
  45  4:06  SCV  
  45  4:07  SCV  
  47  4:12  Orbital Command  
  47  4:25  SCV x2  
  47  4:28  Hellion  
  47  4:29  Hellion  
  53  4:35  Supply Depot  
  53  4:38  Supply Depot  
  53  4:49  Barracks  
  53  4:51  SCV x3  
  56  4:55  Medivac  
  58  5:01  Factory Tech Lab  
  58  5:04  SCV x2  
  58  5:06  Supply Depot, Marine  
  61  5:07  Stimpack, Marine x2  
  62  5:15  Refinery x2  
  59  5:22  SCV  
  59  5:25  Marine x2  
  59  5:26  Marine  
  59  5:27  Medivac  
  61  5:42  Barracks Reactor  
  59  5:43  Siege Tank  
  59  5:45  Marine x3  
  65  5:54  SCV x2  
  65  5:55  SCV  
  68  6:01  Engineering Bay, Medivac  
  68  6:02  Engineering Bay  
  68  6:03  Barracks, Marine x3  
  73  6:18  Marine x2  
  73  6:20  Marine  
  73  6:21  Marine x2  
  73  6:24  Supply Depot  
  78  6:30  Orbital Command  
  70  6:36  Marine  
  70  6:37  Marine  
  70  6:38  Siege Tank, Marine x2  
  70  6:39  Marine  
  77  6:41  SCV  
  77  6:42  SCV  
  77  6:46  Combat Shield  
  77  6:51  Barracks Reactor  
  75  6:54  SCV x2  
  75  6:55  Supply Depot  
  75  6:56  Terran Infantry Weapons Level 1, Terran Infantry Armor Level 1  
  75  7:02  SCV  
  75  7:06  SCV  
  75  7:07  SCV  
  78  7:13  Siege Tank, Marine x4  
  78  7:14  Marine  
  86  7:18  Supply Depot  
  77  7:31  SCV x2  
  77  7:35  Marine x6  
  77  7:36  Marine  
  86  7:37  Armory  
  86  7:39  SCV  
  86  7:44  Starport Reactor  
  87  7:45  Siege Tank  
  92  7:51  SCV x2  
  92  7:54  Refinery  
  92  7:57  Marine x7  
  99  8:02  Barracks  
  99  8:03  Barracks, Supply Depot  
  99  8:05  SCV x3  
  102  8:09  Supply Depot x2  
  102  8:14  Marine  
  102  8:15  Marine x6  
  109  8:24  Medivac x2, Supply Depot  
  109  8:25  SCV, Supply Depot  
  114  8:27  Terran Vehicle Weapons Level 1  
  113  8:37  Marine x6  
  113  8:38  Siege Tank  
  119  8:44  Marine  
  117  8:54  Terran Infantry Armor Level 2, Terran Infantry Weapons Level 2  
  117  8:55  Marine x2  
  117  8:58  Marine x2  
  117  8:59  Marine x4  
  117  9:00  Medivac x2  
  117  9:02  Marine  
  128  9:09  Command Center  
  128  9:12  Marine  
  129  9:19  Marine  
  129  9:20  Marine x7  
  129  9:23  Siege Tank  
  129  9:24  Refinery  
  140  9:30  Marine  
  125  9:44  Marine  
  125  9:45  Marine x7  
  130  9:46  Medivac x2  
  130  9:48  Marine  
  138  10:02  Marine x2  
  138  10:03  Marine  
  138  10:04  Marine x2  
  138  10:05  Marine x3  
  146  10:12  Marine  
  146  10:20  Marine x3  
  148  10:22  Marine x3  
  148  10:23  Marine x2  
  153  10:30  Marine  
  146  10:38  Marine x3  
  146  10:40  Marine x4  
  153  10:48  Marine x2  
  153  10:49  Siege Tank, Medivac x2  
  153  10:56  Marine x2  
  155  10:58  Command Center  
  155  11:01  Marine x5  
  160  11:05  Marine  
  160  11:06  Marine  
  160  11:14  Marine  
  144  11:21  Siege Tank  
  144  11:23  Marine  
  144  11:24  Marine x4  
  141  11:25  Marine x2  
  141  11:26  Marine  
  141  11:31  Marine  
  141  11:41  Marine x2  
  141  11:42  Marine x3  
  141  11:45  SCV  
  127  11:56  Marine x4  
  127  11:58  Medivac  
  130  12:08  Marine x3  
  128  12:10  SCV  
  127  12:37  Marine x2  
  127  12:38  Marine x2  
  92  13:01  Marine x8  
  92  13:02  Siege Tank  
  98  13:17  Marine  
  98  13:18  Marine  
  98  13:19  Marine x6  
Tags
 
Add a new tag
Caveats
  • Supply blocks, unpowered buildings, or Contaminate may cause inaccurate times.
  • Supply counts are checked every 10 seconds.